 Dungeon Crawl Stone Soup version 0.25.1-2-g60ff931df9 (webtiles) character file.

Game seed: 10059448973393951913

170 hawla the Slasher (level 5, -1/47 HPs)
             Began as a Minotaur Berserker on Oct 29, 2020.
             Was a Believer of Trog.
             Slain by a gnoll
             ... wielding a +0 club
              (8 damage)
             ... on level 3 of the Dungeon.
             The game lasted 00:03:45 (1841 turns).

hawla the Slasher (Minotaur Berserker)              Turns: 1841, Time: 00:03:45

Health: -1/47      AC:  2    Str: 23    XL:     5   Next: 26%
Magic:  4/4        EV: 13    Int:  4    God:    Trog [**....]
Gold:   88         SH:  0    Dex:  9    Spells: 4/4 levels left

rFire    . . .     SeeInvis .   o - +1 short sword (elec)
rCold    . . .     Gourm    .   (no shield)
rNeg     . . .     Faith    .   b - +0 animal skin
rPois    .         Spirit   .   (helmet restricted)
rElec    .         Reflect  .   (no cloak)
rCorr    .         Harm     .   (no gloves)
MR       .....                  (no boots)
Stlth    +.........             (no amulet)
HPRegen  0.15/turn              (no ring)
MPRegen  0.09/turn              (no ring)

@: no status effects
A: retaliatory headbutt, horns 2
a: Berserk, Trog's Hand, Renounce Religion


You were on level 3 of the Dungeon.
You worshipped Trog.
Trog was pleased with you.
You were not hungry.

You visited 1 branch of the dungeon, and saw 3 of its levels.

You collected 88 gold pieces.

Inventory:

Hand Weapons
 a - a +0 falchion
 o - a +1 short sword of electrocution (weapon)
Armour
 b - a +0 animal skin (worn)
 l - a +1 pair of boots
Wands
 k - a wand of clouds (5)
Scrolls
 d - a scroll of remove curse
 i - 5 scrolls of identify
Potions
 e - 3 potions of curing {unknown}
 f - a potion of heal wounds
 g - 2 potions of berserk rage {unknown}
 h - a potion of stabbing {unknown}
 m - 2 potions of degeneration {unknown}
Comestibles
 c - 2 rations


   Skills:
 + Level 4.9 Fighting
 + Level 5.3 Long Blades
 + Level 2.7 Armour
 * Level 3.7 Dodging


You had 4 spell levels left.
You didn't know any spells.
Your spell library was empty.

Dungeon Overview and Level Annotations

Branches:
Dungeon (3/15)

Altars:
Wu Jian


Innate Abilities, Weirdness & Mutations

You reflexively headbutt those who attack you in melee.
You have a pair of horns on your head.


Message History

You hit the gnoll. Lightning courses through the gnoll!
You kill the gnoll!
Trog accepts your kill. The adder closely misses you.
The gnoll hits you with a +0 club!
* * * LOW HITPOINT WARNING * * *
The adder barely misses you.
You see here a +0 halberd.
You barely miss the gnoll. The adder barely misses you.
The gnoll hits you with a +0 club!
* * * LOW HITPOINT WARNING * * *
You barely miss the gnoll. The adder misses you. You furiously retaliate!
You headbutt the adder.
You kill the adder!
Trog accepts your kill. The gnoll barely misses you. You furiously retaliate!
You headbutt the gnoll. You barely miss the gnoll.
The gnoll is moderately wounded.
The gnoll hits you with a +0 club!
You die...

#.# ### ### #.# ..#
...####.# #..
#......#### #..
#..<...รท<.. # >.
##.......... .#.###.##
....###...###
#.......##.# #...#
#.....@g..# #.#.#
#.##.#.)##########.#.#
#..)....(.(...#.###
##.############...#
.... #.#.# ####.
########.#.# .#
^........#.# .#
##########.# .# #.#


You could see a gnoll.

Vanquished Creatures
  A crimson imp (D:3)
  3 gnolls (D:3)
  3 adders
  An ooze (D:2)
  3 worms (D:2)
  A dart slug (D:3)
  An orc (D:3)
  2 giant cockroaches
  9 hobgoblins
  4 jackals (D:2)
  A quokka (D:2)
  8 bats
  2 frilled lizards
  9 goblins
  9 kobolds
  A leopard gecko skeleton (D:2)
  6 rats
64 creatures vanquished.

Notes
Turn   | Place    | Note
-------+----------+-------------------------------------------
     0 | D:1      | hawla the Minotaur Berserker began the quest for the Orb.
     0 | D:1      | Reached XP level 1. HP: 19/19 MP: 0/0
   104 | D:1      | Reached XP level 2. HP: 23/27 MP: 1/1
   212 | D:1      | Reached skill level 4 in Long Blades
   672 | D:1      | Reached ** piety under Trog
   842 | D:2      | Reached XP level 3. HP: 24/33 MP: 2/2
  1293 | D:2      | Reached XP level 4. HP: 41/41 MP: 3/3
  1607 | D:2      | Found an ornate altar of the Wu Jian Council.
  1772 | D:3      | Reached skill level 5 in Long Blades
  1829 | D:3      | Reached XP level 5. HP: 42/47 MP: 4/4
  1841 | D:3      | Slain by a gnoll

Illustrated notes

Levels and vault maps discovered:
D:1:      dpeg_arrival_morbid_curiosity, layout_rooms
D:2:      layout_rooms, marbit_many_paths, minmay_quadrilaterals
D:3:      layout_loops_ring

Skill      XL: |  1  2  3  4 |
---------------+-------------+-----
Fighting       | 4 |  4.9
Long Blades    | 4 5 |  5.3
Dodging        | 3 |  3.7
Armour         | |  2.7

Action                   |  1- 3 |  4- 6 || total
-------------------------+-------+-------++-------
Melee: Falchion          |    70 |    26 ||    96
       Headbutt          |    14 |     6 ||    20
       Short sword       |       |    13 ||    13
  Use: Scroll            |     3 |     2 ||     5
  Eat: Chunk             |     1 |     2 ||     3
Armor: Animal skin       |    19 |     3 ||    22
Dodge: Dodged            |    73 |    40 ||   113
       Rpst.: Falchion   |    24 |     4 ||    28
